 Dungeon Crawl Stone Soup version bcrawl-1.13.4 (webtiles) character file.

Game seed: 460652035451898106

1803 Felnil the Fighter (level 8, -9/60 HPs)
             Began as a Skeleton Fighter on Aug 14, 2019.
             Was a Follower of Ashenzari.
             Shot with a sling bullet by Joseph (11 damage)
             ... on level 7 of the Dungeon.
             The game lasted 00:24:07 (7833 turns).

Felnil the Fighter (Skeleton Fighter)               Turns: 7833, Time: 00:24:08

Health: -9/60      AC: 13    Str: 24 (25) XL:     8   Next: 83%
Magic:  0/8        EV:  5    Int:  6 (7)  God:    Ashenzari [*.....]
Gold:   783        SH: 11    Dex:  8      Spells: 7/7 levels left

rFire    . . .     SeeInvis .   a - +0 war axe
rCold    + . .     Gourm    .   c - +0 shield
rNeg     + + +     Faith    .   u - +2 plate armour (curse)
rPois    ∞         Spirit   +   (no helmet)
rElec    +         Reflect  +   d - scarf {Spirit}
rCorr    .         Harm     .   (no gloves)
MR       ++...                  (no boots)
Stlth    ..........             v - +2 amulet of reflection (curse)
HPRegen  0.20/turn              r - ring of protection from magic (curse)
MPRegen  0.11/turn              j - ring of insulation (curse)

@: very slightly contaminated
A: no food or potions, cold resistance 1, deterioration 1, negative energy
resistance 3, powered by death 1, torment resistance, unbreathing, magic shield,
sturdy frame 1, spell healing
a: Curse Item, Scrying, Renounce Religion


You were on level 7 of the Dungeon.
You worshipped Ashenzari.
Ashenzari was aware of your devotion.
You were not hungry.

You visited 2 branches of the dungeon, and saw 8 of its levels.
You also visited: Ossuary.

You collected 783 gold pieces.

Inventory:

Hand Weapons
 a - a +0 war axe (weapon)
 q - the cursed +1 whip of the Fulmar {flame, Dex+3}
   (You found it on level 4 of the Dungeon)

   It has been specially enchanted to burn those struck by it, causing extra
   injury to most foes and up to half again as much damage against particularly
   susceptible opponents.
   It affects your dexterity (+3).
   It has a curse placed upon it.
Missiles
 l - 100 tomahawks (quivered)
Armour
 b - the +3 scale mail of Muihosy {rF++}
   (You found it on level 6 of the Dungeon)

   It greatly protects you from fire.
 c - a +0 shield (worn)
 d - a scarf of spirit shield (worn)
 u - a cursed +2 plate armour (worn)
Jewellery
 e - an uncursed ring of poison resistance
 j - a cursed ring of insulation (right hand)
 r - a cursed ring of protection from magic (left hand)
 v - a cursed +2 amulet of reflection (around neck)
Wands
 i - a wand of digging (10)
 p - a wand of flame (48)
Scrolls
 f - a scroll of fear {unknown}
 g - 3 scrolls of blinking
 h - 2 scrolls of immolation {unknown}
 k - 2 scrolls of remove curse
 m - 4 scrolls of enchant weapon
 n - a scroll of magic mapping
 o - 6 scrolls of teleportation {unknown}
 s - 4 scrolls of amnesia


   Skills:
 + Level 11.6 Fighting
 - Level 2.4 Axes
 - Level 3.2 Armour
 - Level 3.6 Shields


You had 7 spell levels left.
You didn't know any spells.
Your spell library contained the following spells:

 Spells                   Type           Power        Failure   Level  Hunger
 Magic Dart               Conj           #...         100%        1    N/A
 Sandblast                Erth           #.....       100%        1    N/A
 Passwall                 Tmut/Erth      #.......     100%        2    N/A
 Searing Ray              Conj           #.....       100%        2    N/A
 Sticks to Snakes         Tmut           #.......     100%        2    N/A
 Iskenderun's Mystic Bla  Conj           #.......     100%        3    N/A
 Stone Arrow              Conj/Erth      #.....       100%        3    N/A
 Fulminant Prism          Conj/Hex       #.........   100%        4    N/A
 Petrify                  Tmut/Erth      #.......     100%        4    N/A
 Irradiate                Conj/Tmut      #.........   100%        5    N/A
 Lee's Rapid Deconstruct  Erth           #.........   100%        5    N/A
 Beastly Appendage        Tmut           Unusable     N/A         1    N/A
 Spider Form              Tmut/Pois      Unusable     N/A         3    N/A
 Ice Form                 Ice/Tmut       Unusable     N/A         4    N/A
 Blade Hands              Tmut           Unusable     N/A         5    N/A

Dungeon Overview and Level Annotations

Branches:
Dungeon (7/12)             Temple (1/1) D:5
   Lair: D:7-9

Altars:
Ashenzari
Cheibriados
Dithmenos
Elyvilon
Fedhas
Gozag
Kikubaaqudgha
Lugonu
Makhleb
Nemelex Xobeh
Qazlal
Ru
Vehumet
Wu Jian
Zin
The Shining One

Shops:
D:4 *   D:5 (   D:6 [:

Annotations:
D:7 Joseph


Innate Abilities, Weirdness & Mutations

You do not eat or drink.
You are immune to poison.
Your flesh is cold resistant. (rC+)
Your body sometimes deteriorates upon taking damage.
You are immune to negative energy. (rN+++)
You regenerate a little health from kills.
You are immune to unholy pain and torment.
You can survive without breathing.
When hurt, damage is shared between your health and your magic reserves.
Your movements are slightly less encumbered by armour. (ER -2)
Casting spells heals you.


Message History

Joseph barely misses you. Joseph hits you with a +0 quarterstaff!
* * * LOW HITPOINT WARNING * * *
You hit Joseph but do no damage.
Joseph is severely wounded.
Joseph hits you with a +0 quarterstaff!
* * * LOW HITPOINT WARNING * * *
Blink to where?
Press: ? - help, Dir - move target cursor You are very lightly contaminated with residual magic.
As you read the scroll of blinking, it crumbles to dust.
Joseph unwields a +0 quarterstaff.
Joseph wields a +0 hunting sling.
Joseph shoots a sling bullet.
You reflect the sling bullet off an invisible shield around you!
The sling bullet hits Joseph!
As you read the scroll labeled BAIKOU UDUSKEA, it crumbles to dust.
Uncurse which item? (Current piety cost: none) (? for menu, Esc to quit)
Okay, then.
It was a scroll of remove curse.
Joseph shoots a sling bullet.
The sling bullet hits you!
You die...

## # ##.##.##
######......##
########.#.##.......#
##..#........#@.# .
#.#.............# ..
......#@.#......#(..
#..................
##.................
#......#..........
##.#..##..........
...................
#.
##.................
#.


You could see Joseph.

Vanquished Creatures
  Menkaure (D:7)
  Edmund (D:4)
  An orc warrior (D:5)
  An ice beast (D:6)
  An ogre (D:6)
  2 big kobolds
  A bullfrog (D:7)
  A wyvern skeleton (D:4)
  A scorpion (D:5)
  3 orc priests
  2 jellies
  A gnoll shaman (D:5)
  Crazy Yiuf (D:4)
  Natasha (thrice) (D:4)
  6 orc wizards
  3 worker ants
  A killer bee zombie (D:6)
  A big kobold zombie (Ossuary)
  8 mummies (Ossuary)
  A howler monkey zombie (D:5)
  11 gnolls
  2 adders
  A shadow imp (D:7)
  2 oozes
  6 worms
  2 dart slugs (D:2)
  4 leopard geckos
  15 orcs
  2 ball pythons
  5 bats (D:1)
  A giant cockroach (D:1)
  7 goblins
  7 hobgoblins
  7 jackals
  3 quokkas
  5 hobgoblin zombies (Ossuary)
  A jackal zombie (D:5)
  19 kobolds
  2 kobold zombies (Ossuary)
  2 rats
  A demonic plant (Temple)
145 creatures vanquished.

Vanquished Creatures (others)
  A centaur (D:5)
  A kobold (D:5)
2 creatures vanquished.

Grand Total: 147 creatures vanquished

Notes
Turn   | Place    | Note
-------+----------+-------------------------------------------
     0 | D:1      | Felnil the Skeleton Fighter began the quest for the Orb.
     0 | D:1      | Reached XP level 1. HP: 14/14 MP: 1/1
   393 | D:1      | Reached XP level 2. HP: 19/19 MP: 2/2
   928 | D:1      | Reached skill level 4 in Fighting
  1150 | D:1      | Reached XP level 3. HP: 24/24 MP: 3/3
  1364 | D:2      | Found a blossoming altar of Fedhas.
  1375 | D:2      | Found a white marble altar of Elyvilon.
  1377 | D:2      | Found a glowing golden altar of the Shining One.
  1443 | D:2      | Found a blossoming altar of Fedhas.
  1503 | D:2      | Found a shattered altar of Ashenzari.
  1516 | D:2      | Became a worshipper of Ashenzari the Shackled
  1812 | D:3      | Reached skill level 5 in Fighting
  1812 | D:3      | Reached XP level 4. HP: 25/31 MP: 2/4
  1944 | D:3      | Found a shadowy altar of Dithmenos.
  2384 | D:3      | Reached XP level 5. HP: 34/36 MP: 3/5
  2696 | D:4      | Noticed Natasha
  2703 | D:4      | Killed Natasha
  2703 | D:4      | Reached skill level 6 in Fighting
  2716 | D:4      | Noticed Natasha
  2723 | D:4      | Killed Natasha
  2730 | D:4      | Noticed Natasha
  2738 | D:4      | Killed Natasha
  2989 | D:4      | Found a glowing silver altar of Zin.
  2991 | D:4      | Found Zin's Purification Station.
  3008 | D:4      | Gained mutation: You regenerate a little health from kills.
                  | [Skeleton growth]
  3008 | D:4      | Reached XP level 6. HP: 24/42 MP: 2/6
  3158 | D:4      | Got the cursed whip of the Fulmar {flame, Dex+3}
  3322 | D:4      | Reached skill level 7 in Fighting
  3553 | D:4      | Noticed Edmund
  3561 | D:4      | Killed Edmund
  3588 | D:4      | Found a runed door.
  3592 | D:4      | Noticed Crazy Yiuf
  3596 | D:4      | Killed Crazy Yiuf
  3758 | D:5      | Entered Level 5 of the Dungeon
  3826 | D:5      | Found a staircase to the Ecumenical Temple.
  3887 | D:5      | Reached skill level 8 in Fighting
  3896 | D:5      | Reached XP level 7. HP: 9/49 MP: 1/7
  3905 | Temple   | Entered the Ecumenical Temple
  4374 | D:5      | Found Nejinkesuff's Weapon Shop.
  4469 | D:5      | Reached * piety under Ashenzari
  5109 | D:5      | Found an ornate altar of the Wu Jian Council.
  5150 | D:5      | Reached skill level 9 in Fighting
  5929 | D:6      | Found Monewet's Book Shop.
  5942 | D:6      | Reached XP level 8. HP: 49/57 MP: 5/8
  5960 | D:6      | Reached skill level 10 in Fighting
  5968 | D:6      | Found Qadoeh's Antique Armour Boutique.
  6139 | D:6      | Identified the +3 scale mail of Muihosy {rF++}
  6951 | D:7      | Noticed Menkaure
  6956 | D:7      | Killed Menkaure
  6956 | D:7      | Reached skill level 11 in Fighting
  7090 | D:7      | Noticed a two-headed ogre
  7109 | D:7      | Found a sand-covered staircase.
  7110 | D:7      | Noticed Joseph
  7119 | Ossuary  | Entered an ossuary
  7831 | D:7      | HP: 2/60 [Joseph/+0 quarterstaff (11)]
  7833 | D:7      | Shot with a sling bullet by Joseph

Skill      XL: |  1  2  3  4  5  6  7  8 |
---------------+-------------------------+-----
Fighting       | 4 5 6 8 9 11 | 11.6
Axes           | |  2.4
Armour         | |  3.2
Shields        | |  3.6

Action                   |  1- 3 |  4- 6 |  7- 9 || total
-------------------------+-------+-------+-------++-------
Melee: War axe           |   130 |   157 |   323 ||   610
Invok: Curse Item        |       |     3 |     1 ||     4
Evoke: Wand              |       |     1 |       ||     1
  Use: Scroll            |       |       |    12 ||    12
Armor: Scale mail        |    51 |    51 |    14 ||   116
       Plate armour      |       |       |   204 ||   204
Dodge: Dodged            |    70 |    43 |    75 ||   188
Block: Shield            |    99 |    78 |   249 ||   426
       Reflection        |       |     1 |    12 ||    13
